AoeStats
← saschauli

MegaRandom

508255800Analyzed
2v2 RM · 12d ago on Sep 21, 2026· 73m 14s· 4 players
Game mode
Random Map
Map size
Medium (4 player)
Population
200
Speed
Normal
Resources
Standard
Victory
Conquest
Starting age
Dark Age
Ending age
Imperial Age
RankedLock teamsTeams togetherTeam positionsShared explorationLock speedFull tech treeHidden civsTurbo modeCheats
Victory
Defeat
🇩🇪 Ethiopians · Germany
974
+17
🇩🇪 Magyars · Germany
926
+18
🇩🇪 Celts · Germany
1003
-18
🇧🇬 Burgundians · Bulgaria
981
-17
The Pig
10:01 Feudal Age
9:02 Double-Bit Axe
9:07 Loom
9:15 Loom
11:32 Wheelbarrow
10:42 Town Watch
22:01 Castle Age
20:22 Horse Collar
20:50 Scale Barding Armor
21:55 Forging
22:24 Cavalier
23:04 Husbandry
27:28 Heavy Plow
27:39 Bow Saw
28:32 Chain Barding Armor
29:14 Iron Casting
30:44 Hand Cart
30:31 Town Patrol
35:46 Imperial Age
33:04 Light Cavalry
33:37 Fletching
33:47 Padded Archer Armor
34:19 Gold Mining
34:55 Ballistics
37:46 Chemistry
36:43 Bodkin Arrow
37:03 Leather Archer Armor
37:24 Plate Barding Armor
37:49 Blast Furnace
36:38 Hussar
38:37 Gold Shaft Mining
38:26 Bracer
40:10 Crop Rotation
47:49 Paladin
49:13 Onager
64:37 Scale Mail Armor
65:39 Elite Skirmisher
saschauli
10:00 Loom
12:11 Feudal Age
12:58 Double-Bit Axe
13:37 Horse Collar
14:56 Gold Mining
18:41 Castle Age
17:38 Forging
17:48 Scale Mail Armor
19:37 Heavy Plow
22:35 Pikeman
28:00 Gold Shaft Mining
34:01 Chain Mail Armor
34:43 Iron Casting
40:32 Imperial Age
39:03 Wheelbarrow
40:56 Fletching
41:40 Conscription
41:54 Plate Mail Armor
42:05 Hand Cart
43:19 Blast Furnace
42:16 Bodkin Arrow
42:49 Elite Woad Raider
64:13 Town Watch
64:03 Halberdier
HansivomTV
12:16 Feudal Age
10:34 Loom
12:44 Double-Bit Axe
14:04 Horse Collar
19:34 Castle Age
17:20 Town Watch
18:45 Scale Mail Armor
18:38 Fletching
21:26 Bodkin Arrow
21:47 Bow Saw
23:48 Padded Archer Armor
23:59 Heavy Plow
25:02 Leather Archer Armor
26:01 Wheelbarrow
26:01 Crossbowman
29:54 Hand Cart
29:45 Scale Mail Armor
29:55 Forging
30:34 Thumb Ring
31:26 Town Patrol
33:09 Ballistics
35:32 Chain Mail Armor
35:53 Iron Casting
36:07 Squires
38:48 Imperial Age
38:50 Arbalester
40:05 Plate Mail Armor
40:36 Blast Furnace
40:10 Ring Archer Armor
39:41 Bracer
41:44 Plate Mail Armor
46:45 Caravan
54:16 Chemistry
18_Salkin
5:37 Loom
12:59 Feudal Age
16:47 Castle Age
15:51 Double-Bit Axe
15:47 Horse Collar
17:54 Bow Saw
18:37 Heavy Plow
19:26 Bloodlines
19:59 Scale Barding Armor
21:23 Wheelbarrow
21:43 Husbandry
23:19 Town Watch
24:29 Gold Mining
25:25 Chain Barding Armor
26:09 Hand Cart
28:43 Town Patrol
28:57 Fletching
29:09 Padded Archer Armor
30:36 Thumb Ring
31:22 Gold Shaft Mining
36:16 Imperial Age
35:30 Ballistics
35:52 Leather Archer Armor
35:33 Bodkin Arrow
37:36 Plate Barding Armor
36:28 Cavalier
37:16 Bracer
38:36 Conscription
39:25 Ring Archer Armor
39:53 Crop Rotation
40:24 Two-Man Saw
40:21 Parthian Tactics
40:13 Paladin
40:53 Heavy Cavalry Archer
42:49 Chemistry
41:54 Recurve Bow
42:27 Caravan
46:11 Corvinian Army
47:46 Hoardings
67:10 Capped Ram
Connection lost

Rejoining the realm…

Still unreachable

The connection could not be restored.

Session expired

The server has moved on; the page needs a fresh start.